 Dungeon Crawl Stone Soup version 0.29.1-1-gd02db6906a (webtiles) character file.

Game seed: 11573920601874216131

271 hawla the Firebug (level 6, -2/41 (45) HPs)
             Began as a Meteoran Fire Elementalist on Oct 10, 2022.
             Slain by an orc
             ... wielding a +0 mace
              (3 damage)
             ... on level 4 of the Dungeon.
             The game lasted 00:08:49 (1619 turns).

hawla the Firebug (Meteoran Fire Elementalist)      Turns: 1619, Time: 00:08:49

HP:   -2/41 (45)    AC:  3    Str: 10    XL:     6   Next: 77%
MP:   2/14          EV: 13    Int: 18    God:
Gold: 68            SH:  0    Dex: 15    Spells: 11/14 levels left

rFire   . . .      SeeInvis .   e - staff of poison
rCold   . . .      Faith    .   (no shield)
rNeg    . . .      Spirit   .   a - +1 robe
rPois   +          Reflect  .   (no helmet)
rElec   .          Harm     .   (no cloak)
rCorr   .          Rampage  .   (no gloves)
Will    .....                   (no boots)
Stlth   +.........              (no amulet)
HPRegen 0.13/turn               (no ring)
MPRegen 0.14/turn               (no ring)

@: glowing, drained
A: sense surroundings 1, otherworldly, glowing, explore regen
a: no special abilities


You were on level 4 of the Dungeon.
You visited 1 branch of the dungeon, and saw 4 of its levels.

You collected 68 gold pieces.

Inventory:

Armour
 a - a +1 robe (worn)
Magical Staves
 e - a staff of poison (weapon)
 f - a staff of earth
Wands
 b - a wand of flame (24)
Potions
 d - a potion of haste
 i - a potion of flight


   Skills:
 + Level 0.1 Fighting
 + Level 0.2 Staves
 + Level 2.8 Dodging
 - Level 1.4 Stealth
 + Level 4.7 Spellcasting
 + Level 2.6 Conjurations
 + Level 5.4 Fire Magic
 + Level 1.5 Earth Magic
 + Level 1.5 Poison Magic
 + Level 1.5 Evocations


You had 11 spell levels left.
You knew the following spells:

 Your Spells              Type           Power      Damage    Failure   Level
a - Foxfire               Conj/Fire      72%        2x1d7     2%          1
b - Scorch                Fire           46%        2d7       2%          2

Your spell library contained the following spells:

 Spells                   Type           Power      Damage    Failure   Level
 Conjure Flame            Conj/Fire      18%        6-21      8%          3
 Inner Flame              Hex/Fire       14%        N/A       13%         3
 Summon Small Mammal      Summ           16%        N/A       14%         1
 Blink                    Tloc           8%         N/A       21%         2
 Flame Wave               Conj/Fire      18%        2d7       26%         4
 Call Canine Familiar     Summ           4%         N/A       38%         3
 Portal Projectile        Hex/Tloc       8%         N/A       38%         3
 Summon Guardian Golem    Hex/Summ       4%         N/A       38%         3
 Hailstorm                Conj/Ice       9%         3d4       61%         4
 Leda's Liquefaction      Hex/Erth       3%         N/A       69%         4
 Ice Form                 Ice/Tmut       4%         N/A       80%         4
 Manifold Assault         Tloc           4%         N/A       98%         5
 Simulacrum               Ice/Necr       2%         N/A       100%        6
 Storm Form               Tmut/Air       2%         N/A       100%        7


Dungeon Overview and Level Annotations

Branches:
Dungeon (4/15) Zot: 796
 Temple: D:4-7

Altars:
Cheibriados


Innate Abilities, Weirdness & Mutations

You passively map a small area around you.
You are easily found by Zot.
You glow in the dark.
You regain HP and MP as you explore.


Message History

The orc hits you with a +0 mace. The orc hits you with a +0 war axe.
You hear some strange, mumbled words.
A puff of flame appears from out of thin air!
The puff of flame hits you!
* * * LOW HITPOINT WARNING * * *
Your life force feels restored.
Casting: Scorch (safe; 2% risk of failure)
Confirm with . or Enter, or press ? or * to list all spells.
Flames lash the orc.
The orc is burned terribly!
You kill the orc!
The orc barely misses you. Something hits you but does no damage.
You feel drained.
Unknown command.
Casting: Scorch (safe; 2% risk of failure)
Confirm with . or Enter, or press ? or * to list all spells.
You conjure some foxfire!
The orc hits you with a +0 mace.
* * * LOW HITPOINT WARNING * * *
Something hits you.
* * * LOW HITPOINT WARNING * * *
You feel drained.
Okay, then.
The foxfire hits the orc but does no damage. x2
Something hits you.
* * * LOW HITPOINT WARNING * * *
You feel drained. The orc barely misses you.
Things that are here:
a +0 dagger; an orc corpse
Casting: Foxfire (safe; 2% risk of failure)
Confirm with . or Enter, or press ? or * to list all spells.
Flames lash the orc.
The orc is almost dead.
The orc's fire resistance burns away.
The orc closely misses you. Something hits you.
* * * LOW HITPOINT WARNING * * *
You feel drained.
* * * LOW HITPOINT WARNING * * *
Casting: Scorch (safe; 2% risk of failure)
Confirm with . or Enter, or press ? or * to list all spells.
You conjure some foxfire!
The orc hits you with a +0 mace.
You die...

................# .... ,
...............## , .....
, ..............## ,$....
.............## *#..... ,
, , ..............##,
+......
##########.....###.......
, , #......#).......
#.....v......... ,,
#......@o....... ,
#.......v.......
#....####....... #....#
....... , #....# .......
#....# ....... ,, , #....
....... ....... , , , ,


You could see an orc (combustible, ally target).

Vanquished Creatures
  A scorpion (D:4)
  An orc wizard (D:3)
  Robin (D:3)
  9 adders
  A worm (D:2)
  5 orcs
  10 endoplasms
  6 giant cockroaches
  14 goblins
  8 hobgoblins
  2 quokkas (D:2)
  3 ball pythons
  10 bats
  3 frilled lizards
  3 kobolds
  6 rats
83 creatures vanquished.

Vanquished Creatures (collateral kills)
  A foxfire (D:2)
1 creature vanquished.

Vanquished Creatures (others)
  166 foxfires
  3 plants (D:2)
169 creatures vanquished.

Grand Total: 253 creatures vanquished

Notes
Turn   | Place    | Note
-------+----------+-------------------------------------------
     0 | D:1      | hawla the Meteoran Fire Elementalist began the quest for
                  | the Orb.
     0 | D:1      | Reached XP level 1. HP: 14/14 MP: 5/5
   148 | D:1      | Reached XP level 2. HP: 20/20 MP: 1/6
   167 | D:1      | Reached skill level 4 in Fire Magic
   301 | D:1      | Reached XP level 3. HP: 26/26 MP: 8/8
   500 | D:1      | Glimpsed the power of Zot.
   550 | D:1      | Glimpsed the power of Zot.
   594 | D:2      | Reached XP level 4. HP: 27/33 MP: 5/9
   767 | D:2      | Learned a level 2 spell: Scorch
  1015 | D:2      | Reached skill level 5 in Fire Magic
  1015 | D:2      | Reached XP level 5. HP: 38/38 MP: 8/11
  1099 | D:2      | Glimpsed the power of Zot.
  1122 | D:3      | Found a faded altar of an unknown god.
  1206 | D:3      | Reached skill level 1 in Earth Magic
  1206 | D:3      | Reached skill level 1 in Evocations
  1236 | D:3      | Reached skill level 1 in Poison Magic
  1270 | D:3      | Noticed Robin
  1325 | D:3      | Killed Robin
  1326 | D:3      | Reached XP level 6. HP: 41/45 MP: 2/13
  1392 | D:3      | Found a snail-covered altar of Cheibriados.
  1617 | D:4      | HP: 2/42 [something (4)]
  1619 | D:4      | Slain by an orc

Illustrated notes

Levels and vault maps discovered:
D:1:      dpeg_arrival_simpleton_b, layout_basic, serial_forest,
          infiniplex_forest_straight_4, infiniplex_forest_lined_room_2,
          infiniplex_forest_lined_2, infiniplex_forest_straight_4,
          infiniplex_forest_lined_1, infiniplex_forest_join,
          chequers_decorated_corner, st_stairs_12, hangedman_feature_mirror,
          feat_on_display
D:2:      layout_loops_ring, guppyfry_early_lair_pool
D:3:      layout_rooms, slow_altar_2, shapermc_ecumenical_altar_notcrosses,
          uniq_robin
D:4:      layout_gridville, zin_statuary, enter_ossuary_5, st_stairs_7,
          minivault_5

Skill      XL: |  1  2  3  4  5 |
---------------+----------------+-----
Fire Magic     | 4 5 |  5.4
Spellcasting   | 3 4 |  4.7
Conjurations   | 2 |  2.6
Earth Magic    | 1 |  1.5
Evocations     | 1 |  1.5
Poison Magic   | 1 |  1.5
Fighting       | |  0.1
Staves         | |  0.2
Dodging        | |  2.8
Stealth        | |  1.4

Action                   |  1- 3 |  4- 6 || total
-------------------------+-------+-------++-------
Melee: Unarmed           |     2 |       ||     2
       Staff             |       |    18 ||    18
 Cast: Foxfire           |    44 |    63 ||   107
       Scorch            |       |    32 ||    32
  Use: Scroll            |     3 |     5 ||     8
       Potion            |       |     2 ||     2
Armor: Robe              |     4 |    15 ||    19
Dodge: Dodged            |    12 |    18 ||    30
